 Dungeon Crawl Stone Soup version 0.17.0-7-gfadd4cc (webtiles) character file.

614 oplop the Skirmisher (level 7, 0/74 HPs)
             Began as an Ogre Hunter on Nov 8, 2015.
             Slain by an orc (1 damage)
             ... on level 5 of the Dungeon.
             The game lasted 00:06:45 (3554 turns).

oplop the Skirmisher (Ogre Hunter)                  Turns: 3554, Time: 00:06:45

Health: 0/74       AC:  6    Str: 20    XL:     7   Next: 44%
Magic:  7/7        EV: 10    Int: 10    God:
Gold:   367        SH:  0    Dex: 10    Spells: 0 memorised, 6 levels left

rFire  . . .     SeeInvis .     p - +2 dagger (distort)
rCold  + . .     Clarity  .     d - +1 robe
rNeg   . . .     SustAt   .     (no shield)
rPois  .         Gourm    .     (helmet restricted)
rElec  .         Spirit   .     (no cloak)
rCorr  .         Warding  .     (gloves unavailable)
rMut   .         Stasis   .     (boots unavailable)
MR     .....                    (no amulet)
Stlth  ++........               (no ring)
                                s - ring of stealth

@: lethally poisoned (0 -> -6), not resistant to hostile enchantments,
unstealthy
A: unfitting armour, slimy green scales 1, cold resistance 1, tough skin 1, no
device heal 1
a: no special abilities


You were on level 5 of the Dungeon.
You were not hungry.

You visited 1 branch of the dungeon, and saw 5 of its levels.
You also visited: Ossuary.

You collected 367 gold pieces.

Inventory:

Hand Weapons
 c - a +0 short sword
 g - a +0 mace
 i - a +0 whip
 p - a +2 dagger of distortion (weapon)
 A - a +0 giant club
 B - a +0 flail
Missiles
 a - 2 large rocks (quivered)
 b - 2 throwing nets
 n - 103 stones
 H - 4 javelins
Armour
 d - a +1 robe (worn)
Jewellery
 s - a ring of stealth (left hand)
Wands
 r - a wand of fire (15)
 F - a wand of frost (25)
Scrolls
 f - 5 scrolls of remove curse {unknown}
 j - 2 scrolls of amnesia
 t - 4 scrolls of identify
 u - 2 scrolls of recharging
 E - 2 scrolls of enchant armour
Potions
 k - 2 potions of agility
 o - 4 potions of might
 q - a potion of cure mutation {unknown}
 v - a potion of cancellation
 C - a potion of lignification {unknown}
 D - a potion of magic {unknown}
Comestibles
 e - 2 bread rations


   Skills:
 + Level 5.8 Fighting
 + Level 5.2 Maces & Flails
 + Level 5.4 Throwing
 + Level 3.7 Dodging
 - Level 0.7 Stealth


You had 6 spell levels left.
You didn't know any spells.

Dungeon Overview and Level Annotations

Branches:
Dungeon (5/15)             Temple (0/1) D:5

Altars:
Ashenzari
Trog

Annotations:
D:4 Britaniac's ghost, amateur NaFi


Innate Abilities, Weirdness & Mutations

You are too large for most types of armour.
You have tough skin (AC +1).
You are partially covered in slimy green scales (AC +2).
Your flesh is cold resistant.
Potions and wands are less effective at restoring your health.


Message History

You feel magically purged.
You feel a little less agile now.
You feel sick. The sky beast hits you.
* * * LOW HITPOINT WARNING * * *
The sky beast shocks you.
* * * LOW HITPOINT WARNING * * *
Something hits you but does no damage. The orc barely misses you.
Unknown command.
Drink which item? (? for menu, Esc to quit)
Okay, then.
Unknown command.
Throwing (i - inventory. (,) - cycle):
a - 3 large rocks (quivered)
Press: ? - help, Shift-Dir - straight line, f - sky beast
Aim: a sky beast (blue smoke, heavily wounded, inner flame)
You throw a large rock. The large rock hits the sky beast!
The sky beast is severely wounded.
* * * LOW HITPOINT WARNING * * *
You feel sick. The sky beast barely misses you.
Something hits you but does no damage. The orc hits you.
You die...

*,* ###...........,,,,,,* *,*
#.............,,,,,** *,*
###...........,,,,** *,*
###..######.,,,,********* *,*
##.# *,,,,,,,*,,,,,,* *,*
#o####*,,,,,,,*,,,,,,* *,*
#.§oo##,,,,,,,*,,,,,,* *,*
####{o#*,,,,,**,,,,,,* *,*
##@#**,,,***,,,,,,* *,*
*****#Y#*,,,,,,,,,,,,,,
*,*********,,,,§lS,,*******,,,***
*,**,,,,,,,,**####.** *,⌠,* *
*,,,,******** *.#*******,,,***
****** *,.,,,,,,,,,,,,,
**##**,,⌠,,>,,⌠,
**********>,,,,,,,,,,
*,,,,,,,,,,****,,,***


You could see a sky beast (inner flame), an adder (inner flame), 3 orcs and a
giant gecko (inner flame).

Vanquished Creatures
  2 ogres (D:4)
  A centaur (D:5)
  A scorpion (D:4)
  A worker ant (D:4)
  Terence (D:2)
  A giant frog skeleton (D:4)
  2 big kobold zombies (Ossuary)
  8 mummies (Ossuary)
  An adder (D:2)
  An adder skeleton (D:4)
  3 giant geckos
  3 goblins
  5 hobgoblins
  A quokka (D:4)
  6 bats
  4 giant cockroaches
  3 giant newts
  2 gnoll zombies (Ossuary)
  A hobgoblin zombie (Ossuary)
  4 kobolds
  2 kobold zombies (Ossuary)
  An orc zombie (Ossuary)
  7 rats
61 creatures vanquished.

Vanquished Creatures (others)
  2 worker ants
  An adder (D:4)
  A giant gecko (D:3)
  A goblin (D:3)
  A hobgoblin (D:3)
6 creatures vanquished.

Grand Total: 67 creatures vanquished

Notes
Turn   | Place    | Note
--------------------------------------------------------------
     0 | D:1      | oplop the Ogre Hunter began the quest for the Orb.
     0 | D:1      | Reached XP level 1. HP: 22/22 MP: 1/1
   483 | D:1      | Reached XP level 2. HP: 31/31 MP: 2/2
  1220 | D:2      | Noticed Terence
  1235 | D:2      | Killed Terence
  1235 | D:2      | Reached skill level 1 in Maces & Flails
  1235 | D:2      | Reached XP level 3. HP: 19/37 MP: 3/3
  1977 | D:3      | Reached XP level 4. HP: 46/46 MP: 4/4
  2025 | D:3      | Found a shattered altar of Ashenzari.
  2142 | D:3      | Noticed a giant frog
  2490 | D:4      | Noticed an ogre
  2501 | D:4      | Killed an ogre
  2501 | D:4      | Reached XP level 5. HP: 49/54 MP: 5/5
  2638 | D:4      | Noticed Britaniac's ghost (amateur NaFi)
  2692 | D:4      | Found a sand-covered staircase.
  2702 | Ossuary  | Entered an ossuary
  2730 | Ossuary  | Gained mutation: Your flesh is cold resistant. [potion of beneficial mutation]
  2731 | Ossuary  | Gained mutation: You are partially covered in slimy green scales (AC +2). [potion of mutation]
  2731 | Ossuary  | Gained mutation: Potions and wands are less effective at restoring your health. [potion of mutation]
  2736 | Ossuary  | Reached XP level 6. HP: 60/63 MP: 6/6
  2764 | Ossuary  | Reached skill level 5 in Throwing
  2787 | Ossuary  | Reached skill level 5 in Fighting
  3058 | D:4      | Found a bloodstained altar of Trog.
  3189 | D:4      | Reached XP level 7. HP: 43/72 MP: 7/7
  3511 | D:5      | Entered Level 5 of the Dungeon
  3528 | D:5      | Reached skill level 5 in Maces & Flails
  3553 | D:5      | HP: 2/74 [sky beast (5)]
  3554 | D:5      | Slain by an orc

Action                   |  1- 3 |  4- 6 |  7- 9 || total
-------------------------+-------+-------+-------++-------
Melee: Short sword       |    19 |       |       ||    19
       Mace              |    68 |       |       ||    68
       Whip              |     6 |       |       ||     6
       Dagger            |     5 |   141 |    13 ||   159
Throw: Large rock        |     5 |     2 |     2 ||     9
  Use: Potion            |       |     5 |     4 ||     9
       Scroll            |       |       |    10 ||    10
 Stab: Sleeping          |       |     5 |       ||     5
  Eat: Beef jerky        |     1 |       |       ||     1
       Chunk             |       |     3 |       ||     3
       Meat ration       |       |     1 |       ||     1
